 Dungeon Crawl Stone Soup version 0.28.0-1-gb440e238dd (webtiles) character file.

Game seed: 2234033194983607748

389 Kaptain the Digger (level 6, 0/39 HPs)
             Began as an Octopode Earth Elementalist on Feb 20, 2022.
             Slain by a hornet zombie (12 damage)
             ... on level 4 of the Dungeon.
             The game lasted 00:08:57 (4325 turns).

Kaptain the Digger (Octopode Earth Elementalist)    Turns: 4325, Time: 00:08:59

Health: 0/39       AC:  5    Str:  7    XL:     6   Next: 79%
Magic:  4/11       EV: 13    Int: 22    God:
Gold:   94         SH:  0    Dex: 13    Spells: 1/11 levels left

rFire   . . .      SeeInvis .   s - +6 trident of Baqodwyz {freeze, rC+ Int+3}
rCold   + + .      Faith    .   (no shield)
rNeg    . . .      Spirit   .   (helmet restricted)
rPois   .          Reflect  .   (no amulet)
rElec   .          Harm     .   c - +4 ring of protection
rCorr   .          Rampage  .   (no ring)
Will    .....                   (no ring)
Stlth   ++++......              (no ring)
HPRegen 0.13/turn               (no ring)
MPRegen 0.12/turn               (no ring)
                                (no ring)
                                (no ring)

@: studying Stealth
A: almost no armour, amphibious, 8 rings, camouflage 1, gelatinous body 1,
(nimble swimmer 1), tentacles, cold resistance 1, sense surroundings 1
a: no special abilities


You were on level 4 of the Dungeon.
You visited 2 branches of the dungeon, and saw 5 of its levels.

You collected 206 gold pieces.
You spent 112 gold pieces at shops.

Inventory:

Hand Weapons
 d - a +0 spear
 e - a +0 hunting sling
 h - a +0 flail
 k - a +0 short sword
 m - a +3 quarterstaff of holy wrath
 s - the +6 trident of Baqodwyz (weapon) {freeze, rC+ Int+3}
   (You found it on level 4 of the Dungeon)

   It freezes those it strikes, dealing additional cold damage.
   It can also slow down cold-blooded creatures.
   Int:       It affects your intelligence (+3).
   rC:        It protects you from cold.
Missiles
 b - 121 stones
 o - 42 sling bullets
 q - 2 poisoned darts
Armour
 l - a +0 buckler
Jewellery
 c - a +4 ring of protection (left tentacle)
Wands
 w - a wand of acid (11)
Scrolls
 a - a scroll of enchant weapon
 n - a scroll of blinking {unknown}
 r - 2 scrolls of identify
 t - a scroll of enchant armour {unknown}
Potions
 f - a potion of curing
 g - a potion of heal wounds {unknown}
 i - a potion of attraction {unknown}
 j - a potion of mutation
 p - a potion of cancellation {unknown}
 u - a potion of haste {unknown}
 v - a potion of might {unknown}


   Skills:
 + Level 2.0 Fighting
 - Level 2.4 Dodging
 + Level 4.3 Stealth
 + Level 1.5 Shields
 * Level 3.4 Spellcasting
 * Level 2.4 Conjurations
 * Level 1.1 Transmutations
 * Level 4.4 Earth Magic


You had one spell level left.
You knew the following spells:

 Your Spells              Type           Power      Damage    Failure   Level
a - Sandblast             Erth           46%        2d11      1%          1
b - Stone Arrow           Conj/Erth      36%        3d9       9%          3
c - Statue Form           Tmut/Erth      10%        N/A       99%         6

Your spell library contained the following spells:

 Spells                   Type           Power      Damage    Failure   Level
 Passwall                 Tmut/Erth      13%        N/A       6%          2
 Petrify                  Tmut/Erth      16%        N/A       36%         4
 Metabolic Englaciation   Hex/Ice        1%         N/A       97%         5


Dungeon Overview and Level Annotations

Branches:
Dungeon (4/15)             Temple (1/1) D:4

Altars:
Ashenzari
Cheibriados
Dithmenos
Elyvilon
Fedhas
Gozag
Hepliaklqana
Kikubaaqudgha
Makhleb
Nemelex Xobeh
Okawaru
Qazlal
Ru
Sif Muna
Trog
Uskayaw
Vehumet
Wu Jian
Xom
Yredelemnul
The Shining One

Shops:
D:4 !


Innate Abilities, Weirdness & Mutations

You cannot wear most types of armour.
You are amphibious.
You can wear up to eight rings at the same time.
Your skin changes colour to match your surroundings (Stealth+).
Your rubbery body absorbs attacks. (AC +1, EV +1)
((You are camouflaged when in or above water. (Stealth+)))
You have tentacles for arms and can constrict up to eight enemies at once.
Your flesh is cold resistant. (rC+)
You passively map a small area around you.


Message History

Confirm with . or Enter, or press ? or * to list all spells.
Aiming: Sandblast (safe; 1% risk of failure)
Press: ? - help, Shift-Dir - straight line, f/p - hornet zombie
Aim: a hornet zombie (moderately damaged, 83% to hit)
The blast of sand hits the hornet zombie!
The hornet zombie is heavily damaged.
The hornet zombie hits you.
Casting: Sandblast (safe; 1% risk of failure)
Confirm with . or Enter, or press ? or * to list all spells.
Aiming: Sandblast (safe; 1% risk of failure)
Press: ? - help, Shift-Dir - straight line, f/p - hornet zombie
Aim: a hornet zombie (heavily damaged, 83% to hit)
The blast of sand hits the hornet zombie.
The hornet zombie is severely damaged.
The hornet zombie barely misses you. The hornet zombie hits you!
Casting: Sandblast (safe; 1% risk of failure)
Confirm with . or Enter, or press ? or * to list all spells.
Aiming: Sandblast (safe; 1% risk of failure)
Press: ? - help, Shift-Dir - straight line, f/p - hornet zombie
Aim: a hornet zombie (severely damaged, 83% to hit)
The blast of sand hits the hornet zombie!
The hornet zombie is almost destroyed.
The hornet zombie hits you!
Casting: Sandblast (safe; 1% risk of failure)
Confirm with . or Enter, or press ? or * to list all spells.
Aiming: Sandblast (safe; 1% risk of failure)
Press: ? - help, Shift-Dir - straight line, f/p - hornet zombie
Aim: a hornet zombie (almost destroyed, 83% to hit)
The blast of sand hits the hornet zombie.
The hornet zombie is almost destroyed.
The hornet zombie hits you!
Casting: Sandblast (safe; 1% risk of failure)
Confirm with . or Enter, or press ? or * to list all spells.
Aiming: Sandblast (safe; 1% risk of failure)
Press: ? - help, Shift-Dir - straight line, f/p - hornet zombie
Aim: a hornet zombie (almost destroyed, 83% to hit)
The blast of sand hits the hornet zombie.
The hornet zombie is almost destroyed.
The hornet zombie barely misses you. The hornet zombie hits you!
You die...

#####....#...
#...#....#...
#...#....#...
#...#....#...
#...##...#...
#######........#...
#..............'...
##.####........##..
#@# #......####..
#Z# ###########..
#.# ......... #.# *
######... #.# * *
#... #.# #)#' #.# ,
#.#. #.# #.#. #.
#.#.


You could see a hornet zombie.

Vanquished Creatures
  A water moccasin (Temple)
  A scorpion (D:4)
  2 jellies (D:4)
  An iguana (D:4)
  An orc wizard (D:4)
  An adder (D:2)
  3 gnolls (D:2)
  4 worms
  2 dart slugs (D:2)
  5 orcs (D:4)
  7 endoplasms
  A giant cockroach (D:1)
  5 goblins
  8 hobgoblins
  A quokka (D:2)
  5 ball pythons
  4 bats
  A frilled lizard (D:2)
  4 kobolds
  7 rats
64 creatures vanquished.

Notes
Turn   | Place    | Note
-------+----------+-------------------------------------------
     0 | D:1      | Kaptain the Octopode Earth Elementalist began the quest for
                  | the Orb.
     0 | D:1      | Reached XP level 1. HP: 11/11 MP: 3/3
   374 | D:1      | Reached XP level 2. HP: 17/17 MP: 0/5
   636 | D:1      | Found a faded altar of an unknown god.
  1139 | D:2      | Reached XP level 3. HP: 17/22 MP: 1/6
  1162 | D:2      | Learned a level 3 spell: Stone Arrow
  1173 | D:2      | Reached skill level 1 in Fighting
  1427 | D:2      | Reached XP level 4. HP: 24/28 MP: 7/7
  1880 | D:2      | Reached skill level 1 in Conjurations
  2433 | D:3      | Noticed a +0 short sword
  2433 | D:3      | Noticed a +0 short sword
  2434 | D:3      | Noticed a +0 spear
  2435 | D:3      | Noticed a +0 falchion
  2435 | D:3      | Noticed a +0 dagger
  2435 | D:3      | Noticed a +0 spear
  2441 | D:3      | Noticed a +0 falchion
  2441 | D:3      | Noticed a +0 dagger
  2442 | D:3      | Found a hide-covered altar of Uskayaw.
  2647 | D:3      | Found a white marble altar of Elyvilon.
  3171 | D:4      | Found a staircase to the Ecumenical Temple.
  3179 | D:4      | Noticed a water moccasin
  3186 | Temple   | Entered the Ecumenical Temple
  3189 | Temple   | Killed a water moccasin
  3190 | Temple   | Reached skill level 1 in Shields
  3190 | Temple   | Reached XP level 5. HP: 29/34 MP: 2/9
  3479 | D:4      | Reached XP level 6. HP: 27/39 MP: 7/10
  3576 | D:4      | Found Beuneili's Distillery.
  3591 | D:4      | Bought a potion of mutation for 112 gold pieces
  3591 | D:4      | Gained mutation: Your flesh is cold resistant. (rC+)
                  | [potion of mutation]
  3591 | D:4      | Gained mutation: You passively map a small area around you.
                  | [potion of mutation]
  3606 | D:4      | Identified the +6 trident of Baqodwyz {freeze, rC+ Int+3}
  3898 | D:4      | Learned a level 6 spell: Statue Form
  4325 | D:4      | Slain by a hornet zombie

Illustrated notes

Levels and vault maps discovered:
D:1:      dpeg_arrival_oval, layout_loops_corners, serial_glass,
          glass_columns_c, glass_columns_b, glass_columns_a, glass_columns_c,
          glass_columns_b, glass_columns_b, glass_columns_a, glass_columns_b,
          shapermc_ecumenical_altar_petra, hangedman_decor_growths
D:2:      layout_loops_ring
D:3:      layout_basic, mainiacjoe_overflow_concentric_impassable,
          nicolae_uskayaw_en_pointe
D:4:      layout_basic, minmay_temple_entry_statues_fountains, serial_shops,
          shop
Temple:   mainiacjoe_temple_bowtie_tessellation

Skill      XL: |  1  2  3  4  5  6 |
---------------+-------------------+-----
Stealth        | 3 4 |  4.3
Fighting       | 1 2 |  2.0
Conjurations   | 1 2 |  2.4
Shields        | 1 |  1.5
Spellcasting   | 3 |  3.4
Earth Magic    | 4 |  4.4
Dodging        | |  2.4
Transmutations | |  1.1

Action                   |  1- 3 |  4- 6 || total
-------------------------+-------+-------++-------
Melee: Unarmed           |     7 |       ||     7
       Tentacles         |     5 |     8 ||    13
       Constrict         |     4 |    12 ||    16
       Mace              |     4 |       ||     4
       Flail             |     1 |     5 ||     6
       Quarterstaff      |       |    32 ||    32
       Short sword       |       |     2 ||     2
       Trident           |       |    18 ||    18
 Fire: Hunting sling     |    23 |     1 ||    24
 Cast: Sandblast         |    22 |    39 ||    61
  Use: Scroll            |       |     5 ||     5
       Potion            |       |     1 ||     1
 Stab: Sleeping          |       |    14 ||    14
Armor: Skin              |     1 |    20 ||    21
Dodge: Dodged            |    13 |    47 ||    60
